 Dungeon Crawl Stone Soup version 0.25-a0-496-g8c4878dea3 (webtiles) character file.

Game seed: 16113529808552353021, levelgen mode: deterministic

95 Emblim88 the Ducker (level 4, -3/23 HPs)
             Began as a Spriggan Abyssal Knight on Feb 12, 2020.
             Was a Believer of Lugonu.
             Slain by a worm (9 damage)
             ... on level 3 of the Dungeon.
             The game lasted 00:08:06 (2550 turns).

Emblim88 the Ducker (Spriggan Abyssal Knight)       Turns: 2550, Time: 00:08:07

Health: -3/23      AC:  3    Str:  8    XL:     4   Next: 40%
Magic:  6/6        EV: 20    Int: 13    God:    Lugonu [**....]
Gold:   70         SH:  0    Dex: 16    Spells: 3/3 levels left

rFire    . . .     SeeInvis +   a - +1 falchion
rCold    . . .     Gourm    .   (shield restricted)
rNeg     + . .     Faith    .   b - +0 robe
rPois    .         Spirit   .   (helmet restricted)
rElec    .         Reflect  .   q - +0 cloak
rCorr    .         Harm     .   (gloves unavailable)
MR       .....                  (boots unavailable)
Stlth    +++.......             (no amulet)
HPRegen  0.07/turn              f - ring of positive energy
MPRegen  0.10/turn              (no ring)

@: very quick
A: very small, unfitting armour, see invisible, herbivore, speed 3, slow
metabolism 2
a: Depart the Abyss, Bend Space, Renounce Religion


You were on level 3 of the Dungeon.
You worshipped Lugonu.
Lugonu was pleased with you.
You were not hungry.

You visited 1 branch of the dungeon, and saw 3 of its levels.
You visited the Abyss 1 time.

You collected 70 gold pieces.

Inventory:

Hand Weapons
 a - a +1 falchion (weapon)
 d - a +0 hunting sling
 p - a +3 quarterstaff of chaos
Missiles
 e - 22 stones (quivered)
 g - 4 atropa-tipped darts
 j - 5 curare-tipped darts
 l - 8 boomerangs
Armour
 b - a +0 robe (worn)
 q - a +0 cloak (worn)
Jewellery
 f - a ring of positive energy (left hand)
Potions
 h - a potion of heal wounds
 i - a potion of ambrosia
 k - a potion of invisibility {unknown}
 m - a potion of might {unknown}
 o - a potion of berserk rage
Comestibles
 c - 5 rations


   Skills:
 + Level 2.7 Fighting
 + Level 2.0 Long Blades
 * Level 4.8 Dodging
 * Level 3.4 Stealth
 + Level 2.2 Invocations


You had 3 spell levels left.
You didn't know any spells.
Your spell library was empty.

Dungeon Overview and Level Annotations

Branches:
Dungeon (3/15)

Altars:
Ashenzari


Innate Abilities, Weirdness & Mutations

You are very small and have problems with some larger weapons.
You are too small for most types of armour.
You have supernaturally acute eyesight. (SInv)
You are a herbivore.
You cover ground extremely quickly.
You need to consume almost no food.


Message History

Press: ? - help, Shift-Dir - straight line, f/p - worm
Aim: a worm (almost dead)
You throw a stone.
The stone hits the worm but does no damage.
The worm is almost dead.
You barely miss the worm.
The worm is almost dead.
Throwing (i - inventory. (/) - cycle)
e - 23 stones (quivered)
Press: ? - help, Shift-Dir - straight line, f/p - worm
Aim: a worm (almost dead)
You throw a stone. The stone hits the worm.
The worm is almost dead.
The worm bites you.
* * * LOW HITPOINT WARNING * * *
You hit the worm.
The worm is almost dead.
You hit the worm but do no damage.
The worm is almost dead.
The worm bites you!
You die...

################
((((.(..(.((.w@#
.##.........##.#
#.######..##.# #
#..##.# #.
#..##.# #.#
#..##.#
..#####..##.##
#.#..)....#.#
#.)##..##.##


You could see a worm.

Vanquished Creatures
  Crazy Yiuf (D:2)
  2 oozes
  A worm (D:2)
  A leopard gecko (D:2)
  6 orcs
  4 bats
  3 giant cockroaches
  7 goblins
  6 hobgoblins
  A quokka (D:2)
  4 frilled lizards
  6 kobolds
  7 rats
49 creatures vanquished.

Vanquished Creatures (others)
  Ijyb (D:3)
1 creature vanquished.

Grand Total: 50 creatures vanquished

Notes
Turn   | Place    | Note
-------+----------+-------------------------------------------
     0 | Abyss:1  | Emblim88 the Spriggan Abyssal Knight began the quest for
                  | the Orb.
     0 | Abyss:1  | Reached XP level 1. HP: 11/11 MP: 3/3
     9 | D:1      | Escaped the Abyss
   280 | D:1      | Reached skill level 1 in Stealth
   311 | D:1      | Reached XP level 2. HP: 16/16 MP: 4/4
   394 | D:1      | Reached skill level 4 in Dodging
   596 | D:1      | Reached ** piety under Lugonu
   848 | D:2      | Reached XP level 3. HP: 19/19 MP: 5/5
   849 | D:2      | Noticed a phantom
  1175 | D:2      | Found a shattered altar of Ashenzari.
  1748 | D:2      | Found a runed translucent door.
  1749 | D:2      | Noticed Crazy Yiuf
  1754 | D:2      | Killed Crazy Yiuf
  1754 | D:2      | Reached XP level 4. HP: 23/23 MP: 6/6
  1930 | D:3      | Noticed Ijyb
  1964 | D:3      | Killed Ijyb
  2550 | D:3      | Slain by a worm

Levels and vault maps discovered:
D:1:      tarquinn_simple_flora_water_a, layout_loops_ring
D:2:      layout_loops_corners, ashenzari_altar_1, uniq_crazy_yiuf_cottage
D:3:      layout_loops_ring, uniq_ijyb

Skill      XL: |  1  2  3 |
---------------+----------+-----
Stealth        | 1 2 3 |  3.4
Dodging        | 4 |  4.8
Invocations    | 2 |  2.2
Long Blades    | 2 |  2.0
Fighting       | |  2.7

Action                   |  1- 3 |  4- 6 || total
-------------------------+-------+-------++-------
Melee: Falchion          |    97 |    45 ||   142
Throw: Dart              |     4 |     1 ||     5
       Stone             |       |    20 ||    20
  Use: Scroll            |       |     3 ||     3
       Potion            |       |     1 ||     1
 Stab: Sleeping          |     5 |     1 ||     6
       Distracted        |     1 |       ||     1
Armor: Robe              |    10 |     3 ||    13
Dodge: Dodged            |   105 |    33 ||   138
       Rpst.: Falchion   |    34 |    13 ||    47

Table legend:
 A = Non-vault XP
 B = Vault XP
 C = Vault XP percentage of total XP
 D = Non-vault monster count
 E = Vault monster count
 F = Vault count percentage of total count
                 A         B        C        D         E       F
            +---------+---------+-------+---------+---------+-------
      Total |      98 |      39 |  28.5 |      48 |       1 |   2.0
            +---------+---------+-------+---------+---------+-------
        D:1 |      36 |       0 |   0.0 |      21 |       0 |   0.0
        D:2 |      34 |      39 |  53.4 |      18 |       1 |   5.3
        D:3 |      28 |       0 |   0.0 |       9 |       0 |   0.0
            +---------+---------+-------+---------+---------+-------
